 Dungeon Crawl Stone Soup version 0.29.1 (webtiles) character file.

Game seed: 16278003394745282429

4936 groovy9 the Brawler (level 10, -1/88 HPs)
             Began as a Troll Fighter on Sept 12, 2022.
             Was a Believer of Wu Jian.
             Slain by a killer bee (3 damage)
             ... on level 9 of the Dungeon.
             The game lasted 00:24:53 (6743 turns).

groovy9 the Brawler (Troll Fighter)                 Turns: 6743, Time: 00:24:53

Health: -1/88      AC: 11    Str: 26    XL:     10   Next: 27%
Magic:  9/9        EV:  8    Int:  8    God:    Wu Jian [**....]
Gold:   370        SH:  7    Dex:  9    Spells: 9/9 levels left

rFire   + . .      SeeInvis .     - Unarmed
rCold   + . .      Faith    .   b - +0 kite shield
rNeg    . . .      Spirit   .   c - +2 acid dragon scales
rPois   +          Reflect  .   (helmet restricted)
rElec   +          Harm     .   z - +0 cloak
rCorr   +          Rampage  .   (gloves unavailable)
Will    .....                   (boots unavailable)
Stlth   +.........              n - amulet of the acrobat
HPRegen 1.04/turn               (no ring)
MPRegen 0.11/turn               (no ring)

@: resistant, studying Unarmed Combat
A: large, unfitting armour, claws 3, regeneration 1, shaggy fur 1, tough skin 1
a: Renounce Religion, Wall Jump


You were on level 9 of the Dungeon.
You worshipped Wu Jian.
Wu Jian was pleased with you.
You visited 2 branches of the dungeon, and saw 10 of its levels.

You collected 370 gold pieces.

Inventory:

Missiles
 j - 21 poisoned darts
 s - 5 boomerangs (quivered)
 w - 6 boomerangs of dispersal
Armour
 b - a +0 kite shield (worn)
 c - +2 acid dragon scales (worn)
 z - a +0 cloak (worn)
Jewellery
 n - an amulet of the acrobat (around neck)
Wands
 a - a wand of light (20)
 f - a wand of roots (12)
 m - a wand of paralysis (10)
Scrolls
 d - 2 scrolls of immolation
 k - a scroll of enchant weapon
 p - 2 scrolls of vulnerability
 q - 2 scrolls of identify
 r - a scroll of poison
 u - a scroll of noise
 x - 2 scrolls of magic mapping
Potions
 e - 2 potions of attraction
 g - a potion of brilliance
 h - a potion of mutation
 i - 4 potions of degeneration
 l - 4 potions of curing
 t - a potion of flight


   Skills:
 - Level 2.4 Fighting
 - Level 2.4 Dodging
 - Level 2.6 Shields
 + Level 15.9 Unarmed Combat


You had 9 spell levels left.
You didn't know any spells.
Your spell library contained the following spells:

 Spells                   Type           Power      Damage    Failure   Level
 Blink                    Tloc           0%         N/A       89%         2
 Lesser Beckoning         Tloc           0%         N/A       98%         3
 Manifold Assault         Tloc           0%         N/A       100%        5


Dungeon Overview and Level Annotations

Branches:
Dungeon (9/15)             Temple (1/1) D:5            Lair (0/5) D:8
    Orc: D:9-12

Altars:
Ashenzari
Cheibriados
Dithmenos
Elyvilon
Fedhas
Hepliaklqana
Kikubaaqudgha
Makhleb
Nemelex Xobeh
Okawaru
Qazlal
Ru
Sif Muna
Trog
Uskayaw
Vehumet
Wu Jian
Xom
Yredelemnul
Zin
The Shining One

Shops:
D:5 :

Annotations:
D:7 1 runed translucent door, groovy9's ghost, novice MiBe


Innate Abilities, Weirdness & Mutations

You are too large for most types of armour.
You have claws for hands.
Your natural rate of healing is unusually fast.
You are covered in fur. (AC +1)
You have tough skin. (AC +1)


Message History

* * * LOW HITPOINT WARNING * * *
You spin and attack the killer bee.
You closely miss the killer bee.
The killer bee is lightly wounded.
You spin and attack the killer bee.
You closely miss the killer bee. You block the killer bee's attack. x2
The killer bee stings you but does no damage.
The killer bee closely misses you.
The killer bee stings you but does no damage.
The killer bee stings you.
* * * LOW HITPOINT WARNING * * *
You spin and attack the killer bee repeatedly.
You completely miss the killer bee.
The killer bee is heavily wounded.
You mangle the killer bee!!
You kill the killer bee!
The Council accepts your kill.
You spin and attack the killer bee repeatedly.
You miss the killer bee. x2; The killer bee stings you.
* * * LOW HITPOINT WARNING * * *
The killer bee closely misses you.
The killer bee stings you but does no damage.
The killer bee stings you.
* * * LOW HITPOINT WARNING * * *
The killer bee attacks as you move away!
The killer bee stings you.
* * * LOW HITPOINT WARNING * * *
The killer bee attacks as you move away!
The killer bee barely misses you. The killer bee closely misses you.
The killer bee completely misses you. The killer bee closely misses you.
The air fills with toxic fumes!
As you read the scroll of poison, it crumbles to dust.
The killer bee stings you but does no damage. x2
The killer bee stings you.
* * * LOW HITPOINT WARNING * * *
The killer bee stings you.
* * * LOW HITPOINT WARNING * * *
The killer bee closely misses you. You block the killer bee's attack.
The killer bee attacks as you move away!
The killer bee stings you.
You die...

#......#.......#....
###......#...... #....
..........# .. #....
#..............# #....
#.....########.##### #....
#.....#§§§§§§+.....# #....
#.....#§§§§§§#.....##+##....
#.....#§§§§§§#..............
#.....#§§§y@§#.#+#########..
#.....#§§§yy##.# #.. .
#.....#§§§§o#..# #..
...#####§§§§§§§#..# #..
.......#§#§§§§§#..# #..
.......§.#§§§#§#..########+##.[
..######.#§###§§...............
#......§§..§§§...............
#.....)....)..#####..######..


You could see 3 killer bees and an orc.

Vanquished Creatures
  A death yak (D:9)
  Maggie (D:9)
  A hornet (D:6)
  A steam dragon (D:4)
  Duvessa (D:4)
  2 black bears (D:7)
  An orc warrior (D:9)
  A sky beast (D:7)
  2 ogres
  2 ice beasts
  3 centaurs
  2 phantoms (D:5)
  A kobold brigand (D:9)
  5 necrophages
  2 bullfrogs
  2 gnoll sergeants
  A scorpion (D:5)
  3 wights (D:8)
  Dowan (D:4)
  16 killer bees
  3 howler monkeys (D:7)
  3 hounds
  8 orc priests
  A jelly (D:4)
  2 iguanas (D:5)
  6 orc wizards
  11 gnolls
  7 adders
  A river rat (D:8)
  3 white imps
  An ufetubus (D:4)
  2 worms
  2 dart slugs
  20 orcs
  9 endoplasms
  4 giant cockroaches
  4 goblins
  16 hobgoblins
  6 jackals
  17 kobolds
  6 quokkas
  10 ball pythons
  4 bats
  5 frilled lizards
  8 rats
208 creatures vanquished.

Vanquished Creatures (collateral kills)
  A gnoll (D:5)
1 creature vanquished.

Vanquished Creatures (others)
  2 plants (D:2)
2 creatures vanquished.

Grand Total: 211 creatures vanquished

Notes
Turn   | Place    | Note
-------+----------+-------------------------------------------
     0 | D:1      | groovy9 the Troll Fighter began the quest for the Orb.
     0 | D:1      | Reached XP level 1. HP: 22/22 MP: 0/0
   281 | D:1      | Reached XP level 2. HP: 29/29 MP: 1/1
   291 | D:1      | Reached skill level 3 in Unarmed Combat
   746 | D:2      | Reached XP level 3. HP: 32/36 MP: 2/2
   816 | D:2      | Reached skill level 4 in Unarmed Combat
   944 | D:2      | Found a faded altar of an unknown god.
   950 | D:2      | Reached XP level 4. HP: 43/44 MP: 3/3
  1917 | D:3      | Reached skill level 5 in Unarmed Combat
  1958 | D:3      | Reached XP level 5. HP: 35/50 MP: 4/4
  1992 | D:3      | Reached skill level 6 in Unarmed Combat
  2634 | D:4      | Noticed Duvessa
  2634 | D:4      | Noticed Dowan
  2641 | D:4      | Killed Duvessa
  2642 | D:4      | Reached XP level 6. HP: 27/59 MP: 5/5
  2645 | D:4      | Killed Dowan
  2646 | D:4      | Reached skill level 7 in Unarmed Combat
  2762 | D:4      | Found a bloodstained altar of Trog.
  2768 | D:4      | Found a sacrificial altar of Ru.
  2776 | D:4      | Found a blossoming altar of Fedhas.
  2974 | D:4      | Noticed a steam dragon
  2981 | D:4      | Killed a steam dragon
  2982 | D:4      | Reached XP level 7. HP: 45/66 MP: 6/6
  3012 | D:4      | Reached skill level 8 in Unarmed Combat
  3274 | D:5      | Entered Level 5 of the Dungeon
  3378 | D:5      | Reached skill level 9 in Unarmed Combat
  3397 | D:5      | Reached XP level 8. HP: 24/74 MP: 7/7
  3623 | D:5      | Found Gyjon's Self-Improvement Boutique.
  3764 | D:5      | Found a staircase to the Ecumenical Temple.
  3773 | Temple   | Entered the Ecumenical Temple
  3779 | Temple   | Became a worshipper of the Wu Jian Council
  3877 | D:6      | Reached skill level 10 in Unarmed Combat
  3951 | D:6      | Found a basalt altar of Yredelemnul.
  4036 | D:6      | Reached skill level 11 in Unarmed Combat
  4665 | D:7      | Noticed a hornet
  4690 | D:6      | Reached * piety under Wu Jian
  4691 | D:6      | Reached XP level 9. HP: 22/80 MP: 8/8
  4756 | D:6      | Reached skill level 12 in Unarmed Combat
  4956 | D:7      | Found a runed translucent door.
  4956 | D:7      | Noticed groovy9's ghost (novice MiBe)
  5122 | D:7      | Reached skill level 13 in Unarmed Combat
  5896 | D:8      | Reached skill level 14 in Unarmed Combat
  5903 | D:8      | Reached ** piety under Wu Jian
  6078 | D:8      | Noticed a death yak
  6365 | D:8      | Noticed a death yak
  6366 | D:8      | Found a staircase to the Lair.
  6379 | D:8      | Noticed a death yak
  6387 | D:8      | Identified a scroll of acquirement
  6387 | D:8      | Acquired a manual of Unarmed Combat
  6487 | D:9      | Killed a death yak
  6488 | D:9      | Reached XP level 10. HP: 76/88 MP: 9/9
  6516 | D:9      | Noticed Maggie
  6539 | D:9      | Killed Maggie
  6540 | D:9      | Reached skill level 15 in Unarmed Combat
  6646 | D:9      | Identified the +5 dagger of Immorality {vorpal, rC+ Str+4}
  6742 | D:9      | HP: 2/88 [killer bee (4)]
  6743 | D:9      | Slain by a killer bee

Illustrated notes

Levels and vault maps discovered:
D:1:      lemuel_arrival_broad_hall, layout_loops_cross
D:2:      layout_basic, ebering_ecumenical_altar_hall, serial_forest,
          infiniplex_forest_clump_double, infiniplex_forest_end_2,
          infiniplex_forest_end_1, infiniplex_forest_clump_small,
          infiniplex_forest_lined_room_3, infiniplex_forest_straight_3,
          infiniplex_forest_clump_diagonal, infiniplex_forest_straight_5,
          infiniplex_forest_clump_diagonal, serial_bayou_pond_d
D:3:      layout_basic
D:4:      dreamdust_elfheim, layout_loops_ring, grunt_temple_overflow_diamond
D:5:      layout_rooms, lemuel_temple_firewalk_b, nicolae_shop_self_help
D:6:      layout_loops_corners, mainiacjoe_overflow_tiny_flanked
D:7:      layout_basic, gammafunk_ghost_grave
D:8:      layout_loops_ring, dpeg_lair_monsters
D:9:      layout_irregular_city, grunt_ministairs_13, uniq_psyche, uniq_maggie
Temple:   sentei_temple_godly_chess

Skill      XL: |  1  2  3  4  5  6  7  8  9 10 |
---------------+-------------------------------+-----
Unarmed Combat | 3 4 5 6 7 9 11 14 15 | 15.9
Fighting       | |  2.4
Dodging        | |  2.4
Shields        | |  2.6

Action                   |  1- 3 |  4- 6 |  7- 9 | 10-12 || total
-------------------------+-------+-------+-------+-------++-------
Melee: Unarmed           |   116 |   146 |   307 |    68 ||   637
Invok: Lunge             |       |       |    27 |     6 ||    33
       Whirlwind         |       |       |     2 |    13 ||    15
 Abil: Wall Jump         |       |       |     1 |     1 ||     2
  Use: Scroll            |     4 |     8 |     9 |     1 ||    22
       Potion            |       |     1 |    10 |     2 ||    13
 Stab: Sleeping          |     1 |       |       |       ||     1
Armor: Robe              |    35 |    35 |       |       ||    70
       Steam dragon scal |       |       |    93 |     1 ||    94
       Acid dragon scale |       |       |       |    36 ||    36
Dodge: Dodged            |    47 |    46 |   118 |    40 ||   251
Block: Kite shield       |    39 |    43 |    98 |    41 ||   221
